Map: Blackburn LE

Players

XzackattackX

  • Race: Zerg Zerg
  • League: Bronze

DACA - Winner!

  • Race: Protoss Protoss
  • League: Bronze

VOD

Have the link to the VOD?

Description

Time

  • Played on: April 11, 2022, 2:29 a.m.
  • Length: 22:02
Show
View Real Time Build Order
Export as new Build Order

XzackattackX Zerg 

Build Orders: Hatch First 

Get SALT Encoding   

  12  0:01  Drone  
  13  0:11  Drone  
  14  0:16  Overlord  
  14  0:34  Drone  
  14  0:35  Drone  
  16  0:36  Drone  
  17  0:47  Drone  
  18  1:02  Hatchery  
  17  1:04  Extractor  
  17  1:08  Drone  
  17  1:09  Drone  
  18  1:25  Spawning Pool  
  17  1:34  Drone x2  
  19  1:42  Overlord  
  19  2:00  Drone  
  20  2:11  Queen  
  20  2:14  Drone  
  23  2:18  Zergling x4  
  23  2:19  Queen  
  28  2:22  Drone  
  28  2:25  Drone  
  29  2:33  Drone  
  29  2:34  Metabolic Boost  
  30  2:42  Drone  
  31  2:44  Overlord  
  31  3:02  Queen  
  31  3:04  Queen  
  35  3:06  Drone x3  
  35  3:07  Drone  
  35  3:10  Overlord  
  39  3:12  Extractor  
  39  3:15  Extractor  
  39  3:16  Drone, Extractor  
  39  3:19  Drone  
  38  3:22  Drone  
  38  3:23  Drone x2  
  41  3:29  Drone  
  41  3:30  Drone x3  
  45  3:42  Roach Warren  
  45  3:45  Evolution Chamber  
  45  3:47  Evolution Chamber, Lair  
  42  3:58  Drone x3  
  42  4:00  Drone x3  
  49  4:10  Drone  
  49  4:14  Drone  
  50  4:21  Drone  
  50  4:22  Drone  
  50  4:24  Overlord x3  
  52  4:42  Drone x2  
  52  4:43  Drone  
  55  4:46  Overlord x2  
  55  4:49  Glial Reconstitution  
  55  4:51  Zerg Missile Weapons Level 1  
  55  5:00  Overlord  
  55  5:02  Roach x3  
  55  5:03  Roach x3  
  67  5:08  Roach  
  69  5:16  Hatchery  
  68  5:34  Roach x4  
  68  5:35  Roach x4  
  84  5:40  Overlord  
  84  6:01  Roach x4  
  92  6:19  Ravager x2  
  92  6:20  Ravager x3  
  92  6:21  Roach x5  
  92  6:23  Overlord x3  
  107  6:29  Queen  
  109  6:33  Pneumatized Carapace  
  109  6:37  Queen  
  111  6:59  Drone  
  111  7:00  Drone x10  
  97  7:55  Roach x8  
  97  7:56  Roach x6  
  109  8:02  Spire  
  98  8:12  Zerg Missile Weapons Level 2  
  94  8:13  Zerg Ground Armor Level 1  
  94  8:17  Overlord x4  
  94  8:19  Extractor  
  93  8:20  Extractor  
  92  8:34  Ravager  
  92  8:35  Ravager x5  
  92  8:36  Roach  
  92  8:37  Roach x4  
  108  8:51  Drone x3  
  108  8:52  Drone x4  
  115  9:00  Zergling x6  
  118  9:14  Zerg Flyer Armor Level 1  
  118  9:17  Corruptor x3  
  124  9:30  Hatchery  
  123  9:42  Infestation Pit  
  123  9:43  Drone  
  123  9:46  Corruptor  
  123  9:47  Corruptor x3  
  131  9:53  Zergling x24  
  143  10:10  Zerg Melee Weapons Level 1  
  108  11:10  Roach, Zergling x2  
  108  11:11  Roach x11  
  112  11:12  Roach x13  
  156  11:22  Drone x4  
  160  11:26  Extractor  
  160  11:27  Extractor  
  160  11:29  Zerg Ground Armor Level 2  
  158  11:33  Hive  
  158  11:34  Zerg Flyer Armor Level 2  
  158  11:44  Zergling x4  
  160  11:48  Overlord x4  
  160  11:49  Overlord  
  156  12:08  Corruptor x4  
  148  12:09  Corruptor x2  
  141  12:33  Zergling x10  
  141  12:34  Zergling x20  
  156  12:49  Corruptor  
  156  12:50  Corruptor x3  
  164  12:58  Zerg Missile Weapons Level 3  
  164  13:05  Drone x3  
  167  13:06  Drone x3  
  170  13:25  Zergling x12  
  176  13:32  Zergling x16  
  184  13:45  Adrenal Glands  
  184  13:47  Zerg Melee Weapons Level 2  
  177  14:12  Hatchery  
  125  14:54  Zergling x30  
  125  14:55  Zergling x10  
  124  15:08  Zergling x10  
  118  15:23  Roach  
  118  15:24  Roach x3  
  126  15:31  Roach x2  
  126  15:32  Roach x3  
  130  15:59  Roach  
  130  16:00  Roach x19  
  147  16:26  Zergling x2  
  147  16:27  Zergling x26  
  147  16:30  Ravager x13  
  147  16:31  Ravager x5  
  179  16:34  Roach x2  
  179  16:35  Roach x2  
  140  17:09  Extractor x2  
  85  17:34  Infestor  
  85  17:35  Infestor x4  
  85  17:38  Corruptor x7  
  85  17:39  Corruptor x5  
  109  17:55  Roach x5  
  119  18:09  Zergling x12  
  119  18:10  Zergling x2  
  107  18:23  Zergling x24  
  107  18:24  Zergling x4  
  118  18:30  Zergling x4  
  94  18:59  Zergling x18  
  94  19:00  Zergling x2  
  92  19:05  Roach  
  92  19:06  Roach  
  87  19:16  Zergling x6  
  86  19:27  Roach  
  86  19:28  Roach x2  
  86  19:35  Zergling x2  
  86  19:36  Roach x2  
  82  19:46  Spine Crawler  
  82  19:50  Zergling x6  
  66  20:00  Zergling x4  
  58  20:10  Zergling x2  
  58  20:11  Zergling x4  
  52  20:28  Roach Warren  
  52  20:31  Spawning Pool  
  27  20:48  Zergling x2  
  27  20:49  Zergling x4  
  25  21:13  Zergling x4  
  26  21:40  Zergling x4  
Show
View Real Time Build Order
Export as new Build Order

DACA Protoss - Winner!

Build Orders:  

Get SALT Encoding   

  12  0:00  Probe  
  13  0:19  Pylon  
  13  0:24  Probe  
  14  0:38  Gateway  
  14  0:40  Probe (Chrono Boost)  
  15  0:45  Assimilator  
  16  0:51  Probe (Chrono Boost)  
  16  0:56  Probe (Chrono Boost)  
  17  1:08  Probe  
  18  1:20  Probe  
  18  1:24  Gateway  
  19  1:27  Cybernetics Core  
  19  1:28  Zealot  
  19  1:32  Probe (Chrono Boost)  
  22  1:39  Pylon  
  22  1:44  Assimilator  
  22  1:45  Probe (Chrono Boost)  
  23  1:57  Probe  
  24  2:03  Warp Gate  
  24  2:11  Probe  
  25  2:17  Adept  
  25  2:18  Adept  
  29  2:23  Probe (Chrono Boost)  
  30  2:37  Probe (Chrono Boost)  
  31  2:44  Nexus  
  31  2:54  Pylon  
  31  3:04  Pylon  
  31  3:12  Probe  
  32  3:15  Stargate  
  32  3:20  Sentry  
  32  3:22  Sentry  
  32  3:24  Probe  
  37  3:36  Probe  
  38  3:48  Probe (Chrono Boost)  
  39  3:57  Probe (Chrono Boost)  
  39  4:01  Probe (Chrono Boost)  
  41  4:03  Oracle  
  41  4:09  Probe (Chrono Boost)  
  45  4:13  Assimilator  
  45  4:15  Assimilator  
  45  4:17  Nexus  
  45  4:24  Pylon  
  45  4:26  Probe (Chrono Boost)  
  45  4:29  Probe (Chrono Boost)  
  47  4:38  Twilight Council, Probe (Chrono Boost)  
  48  4:40  Probe (Chrono Boost)  
  48  4:44  Oracle  
  52  4:47  Probe  
  52  4:51  Pylon  
  53  4:58  Robotics Facility  
  53  4:59  Probe  
  54  5:20  Probe x2  
  56  5:23  Oracle  
  59  5:32  Probe x2  
  59  5:35  Charge  
  61  5:44  Probe x2  
  61  5:45  Probe  
  64  5:56  Probe x2  
  66  6:00  Gateway  
  66  6:01  Gateway  
  66  6:02  Pylon  
  66  6:07  Gateway  
  66  6:10  Pylon, Gateway  
  66  6:15  Pylon  
  66  6:20  Gateway  
  66  6:21  Gateway  
  66  6:26  Probe x3  
  73  6:34  Void Ray  
  73  6:38  Probe x2  
  73  6:39  Probe  
  76  6:55  Zealot x2  
  76  6:56  Immortal  
  84  7:13  Shield Battery x2  
  84  7:15  Stalker x3  
  82  7:16  Shield Battery  
  82  7:18  Stalker x3  
  82  7:19  Stalker  
  75  7:34  Zealot x2  
  44  7:52  Stalker  
  44  7:53  Stalker x3  
  44  7:55  Immortal  
  60  8:00  Void Ray  
  60  8:05  Probe x3  
  63  8:11  Pylon  
  63  8:15  Pylon  
  63  8:17  Probe x3  
  66  8:20  Pylon  
  66  8:23  Blink  
  66  8:29  Probe x3  
  66  8:33  Assimilator  
  69  8:40  Nexus  
  69  8:41  Probe x3  
  74  8:43  Void Ray, Pylon  
  76  8:53  Shield Battery, Probe (Chrono Boost)  
  76  8:54  Probe (Chrono Boost)  
  79  8:58  Shield Battery  
  79  8:59  Probe (Chrono Boost)  
  79  9:06  Probe (Chrono Boost)  
  79  9:07  Probe (Chrono Boost)  
  81  9:16  Assimilator  
  81  9:22  Pylon  
  81  9:27  Pylon  
  81  9:28  Probe x3  
  84  9:34  Zealot x4  
  84  9:35  Zealot x2  
  96  9:46  Pylon  
  96  9:48  Pylon  
  96  9:50  Probe x2  
  99  9:52  Probe  
  99  9:53  Probe  
  99  9:55  Pylon  
  99  9:56  Pylon  
  100  10:05  Warp Prism  
  102  10:10  Probe x2  
  102  10:12  Probe  
  102  10:13  Probe  
  110  10:15  Void Ray  
  110  10:23  Pylon  
  110  10:24  Probe (Chrono Boost)  
  110  10:27  Pylon, Probe (Chrono Boost)  
  112  10:28  Assimilator  
  112  10:33  Assimilator, Probe x2 (Chrono Boost)  
  114  10:41  Zealot  
  114  10:42  Zealot x5  
  92  11:03  Void Ray  
  94  11:11  Stalker x3  
  96  11:12  Stalker x5  
  104  11:22  Probe x4  
  108  11:34  Probe x3, Templar Archives  
  108  11:35  Immortal  
  115  11:44  Stalker  
  115  11:46  Zealot x4  
  125  11:48  Zealot x3  
  93  12:11  Stalker x4  
  93  12:13  Zealot x4  
  103  12:23  Immortal  
  103  12:29  Void Ray  
  94  12:35  Probe x4  
  98  12:37  Psionic Storm  
  98  12:39  High Templar x4  
  98  12:40  High Templar x3  
  98  12:42  Zealot  
  114  12:47  Probe x3  
  117  12:54  Gateway x2  
  117  13:00  Archon x2, Gateway x2  
  117  13:02  Immortal (Chrono Boost), Gateway  
  117  13:05  Gateway  
  121  13:06  Void Ray  
  125  13:19  Zealot x2  
  129  13:20  Stalker  
  129  13:21  Stalker  
  129  13:23  Zealot x2  
  129  13:24  High Templar x2  
  141  13:28  Nexus  
  141  13:32  Pylon  
  141  13:37  Pylon  
  141  13:38  Stargate  
  141  13:40  Stargate  
  141  13:42  Gateway  
  141  13:43  Gateway  
  141  13:45  Void Ray, Archon x2  
  145  13:49  Warp Prism (Chrono Boost)  
  147  13:56  Probe x3  
  150  14:07  Zealot  
  148  14:11  Robotics Facility  
  148  14:13  Gateway  
  93  14:31  Stalker x2  
  93  14:32  Stalker x9  
  113  14:43  Stalker x2  
  113  14:44  Stalker x2  
  99  15:00  Zealot x4  
  99  15:01  Zealot x3  
  97  15:08  Zealot x2  
  97  15:09  Zealot x2  
  101  15:29  Probe x2  
  101  15:30  Probe x2  
  101  15:31  Pylon  
  101  15:32  Pylon  
  105  15:37  Pylon  
  105  15:39  Pylon  
  109  15:43  Void Ray, Immortal x2  
  109  15:47  Zealot x8  
  109  15:49  Void Ray x2, Zealot  
  143  15:51  Zealot  
  143  15:53  Zealot  
  147  15:57  Zealot  
  147  15:58  Zealot  
  147  16:00  Zealot  
  144  16:04  Zealot  
  144  16:05  Zealot  
  144  16:07  Zealot  
  138  16:15  Pylon  
  142  16:26  Void Ray  
  142  16:27  Stalker x3  
  142  16:28  Stalker  
  142  16:29  Stalker x3  
  142  16:32  Void Ray  
  160  16:35  Immortal  
  164  16:40  Probe x3  
  164  16:45  Assimilator  
  167  16:51  Zealot x2  
  167  16:52  Assimilator, Zealot x2  
  175  16:55  High Templar x3  
  169  17:05  Zealot x3  
  169  17:06  Zealot  
  155  17:12  Archon  
  135  17:17  Stalker x3  
  135  17:18  Stalker  
  135  17:19  Zealot  
  135  17:20  Zealot  
  135  17:21  Zealot  
  132  17:23  Zealot  
  128  17:38  Probe x2  
  128  17:41  Immortal x2  
  128  17:43  Probe x2  
  128  17:44  Probe  
  145  17:47  Void Ray  
  141  18:20  Observer  
  142  18:27  Zealot x4  
  142  18:28  Stalker x2  
  142  18:30  Sentry x4  
  142  18:33  High Templar x5  
  172  18:34  Zealot  
  172  18:35  Zealot  
  152  19:04  Immortal, Warp Prism  
  168  19:10  Archon x2  
  168  19:11  Void Ray x3  
  150  19:40  Immortal  
  150  19:43  Immortal  
  150  19:44  Zealot x5  
  150  19:45  Zealot x4  
  170  19:46  Zealot x2  
  170  19:48  High Templar  
  170  19:49  High Templar  
  194  19:54  Void Ray x3  
  190  20:04  Zealot x5  
  198  20:37  Stalker  
  198  20:39  Nexus  
  198  20:42  Stalker  
  198  20:43  Pylon  
  198  20:44  Pylon  
  198  21:06  Nexus  
  198  21:38  Nexus  
Tags
 
Add a new tag
Caveats
  • Supply blocks, unpowered buildings, or Contaminate may cause inaccurate times.
  • Supply counts are checked every 10 seconds.